 Dungeon Crawl Stone Soup version 0.31-a0-1447-g87ca8d402b (webtiles) character file.

Game seed: 8928399385537536921

85 Curundu the Trooper (level 4, -3/41 HPs)
             Began as a Minotaur Berserker on Dec 27, 2023.
             Was a Believer of Trog.
             Succumbed to a gnoll's poison
             ... on level 2 of the Dungeon.
             The game lasted 00:03:43 (1435 turns).

Curundu the Trooper (Minotaur Berserker)            Turns: 1435, Time: 00:03:43

Health: -3/41      AC:  5    Str: 23    XL:     4   Next: 25%
Magic:  1/3        EV: 16    Int:  4    God:    Trog [**....]
Gold:   46         SH:  0    Dex: 10    Spells: 3/3 levels left

rFire   . . .        a - +0 mace
rCold   . . .        (no shield)
rNeg    . . .        g - +0 ring mail
rPois   .            (helmet restricted)
rElec   .            (no cloak)
rCorr   +            (no gloves)
SInv    .            (no boots)
Will    .....        k - amulet of guardian spirit Stlth
                     f - ring of resist corrosion
HPRegen 0.26/turn    n - +5 ring of evasion
MPRegen 0.08/turn

%: guardian spirit
@: lethally poisoned (-3 -> -27)
A: horns 2, retaliatory headbutt
a: Renounce Religion, Berserk, Trog's Hand


You were on level 2 of the Dungeon.
You worshipped Trog.
Trog was pleased with you.
You visited 1 branch of the dungeon, and saw 2 of its levels.

You collected 46 gold pieces.

Inventory:

Hand Weapons
 a - a +0 mace (weapon)
Missiles
 m - 2 poisoned darts
Armour
 g - a +0 ring mail (worn)
Jewellery
 b - a +6 ring of intelligence
 f - a ring of resist corrosion (left hand)
 k - an amulet of guardian spirit (around neck)
 n - a +5 ring of evasion (right hand)
Scrolls
 d - 4 scrolls of immolation {unknown}
 e - a scroll of enchant weapon {unknown}
 j - a scroll of identify {unknown}
 l - a scroll of poison {unknown}
Potions
 c - a potion of lignification {unknown}
 h - a potion of heal wounds {unknown}
 i - a potion of brilliance {unknown}


   Skills:
 + Level 4.9 Fighting
 + Level 4.6 Maces & Flails
 + Level 3.0 Armour
 + Level 2.5 Dodging


You had 3 spell levels left.
You didn't know any spells.
Your spell library was empty.

Dungeon Overview and Level Annotations

Branches:
Dungeon (2/15)

Altars:


Innate Abilities, Weirdness & Mutations

You have a pair of horns on your head.
You reflexively headbutt those who attack you in melee.


Message History

You kill the ball python!
Trog accepts your kill.
You hit the gnoll.
The gnoll is moderately wounded.
You hit the gnoll.
The gnoll is lightly wounded.
The gnoll barely misses you. The gnoll misses you.
You sock the gnoll!
The gnoll is severely wounded.
The gnoll completely misses you. The gnoll barely misses you.
You furiously retaliate!
You headbutt the gnoll, but do no damage.
You sock the gnoll!
You kill the gnoll!
Trog accepts your kill. The gnoll closely misses you.
The gnoll hits you with a +1 whip of venom.
You are poisoned.
The rat bites you but does no damage.
Your Armour skill increases to level 3!
You barely miss the rat. You headbutt the rat.
The rat is heavily wounded.
You feel very sick. The rat bites you.
The gnoll hits you with a +1 whip of venom.
You closely miss the rat.
The rat is heavily wounded.
You feel sick. The rat misses you.
The gnoll hits you with a +1 whip of venom.
* * * LOW HITPOINT WARNING * * *
You are lethally poisoned!
You sock the rat!
You kill the rat!
Trog accepts your kill.
* * * LOW HITPOINT WARNING * * *
You feel very sick.
The gnoll hits you with a +1 whip of venom.
* * * LOW HITPOINT WARNING * * *
You are more poisoned.
You die...

.#..## .....#
...##.##
.#####.#### ##
..........# #.##
.##.##.#.[#####.##
..#.#............##
.#....###.######.g#
.##.#.# #.# #@#.#
.##.#.###.# #.#.#
........#.# #.# #
.##.#.#.#.# #.#
....#.#.#.. ...
....#.#.#.. #.#
.##...>....### #.#
.......... .. ..#
.######.#.#.#


You could see a gnoll.

Vanquished Creatures
  2 gnolls (D:2)
  2 adders (D:2)
  A worm (D:2)
  2 dart slugs
  A bat (D:1)
  5 endoplasms (D:1)
  5 goblins (D:1)
  A hobgoblin (D:1)
  7 jackals
  2 quokkas
  3 ball pythons
  3 frilled lizards
  3 kobolds
  4 rats
41 creatures vanquished.

Notes
Turn   | Place    | Note
-------+----------+-------------------------------------------
     0 | D:1      | Curundu the Minotaur Berserker began the quest for the Orb.
     0 | D:1      | Reached XP level 1. HP: 19/19 MP: 0/0
   145 | D:1      | Reached XP level 2. HP: 21/27 MP: 1/1
   794 | D:1      | Reached XP level 3. HP: 29/33 MP: 2/2
  1293 | D:2      | Reached ** piety under Trog
  1426 | D:2      | Reached XP level 4. HP: 24/41 MP: 3/3
  1435 | D:2      | Succumbed to a gnoll's poison

Illustrated notes

Levels and vault maps discovered:
D:1:      psy_arrival_radial02, layout_basic
D:2:      layout_loops_ring, uniq_terence, uniq_natasha

Skill      XL: |  1  2  3  4 |
---------------+-------------+-----
Maces & Flails | 4 |  4.6
Fighting       | 4 |  4.9
Armour         | 3 |  3.0
Dodging        | |  2.5

Action                     |  1- 3 |  4- 6 || total
---------------------------+-------+-------++-------
  Melee: Mace              |    83 |     9 ||    92
         Headbutt          |    15 |     1 ||    16
         Punch             |     1 |       ||     1
 Armour: Animal skin       |    10 |       ||    10
         Ring mail         |    34 |     8 ||    42
  Dodge: Dodged            |    55 |     8 ||    63

Table legend: (Time is in decaauts)
 A = Elapsed time spent in this place.
 B = Non-inter-level travel time spent in this place.
 C = Inter-level travel time spent in this place.
 D = Time resting spent in this place.
 E = Time spent auto-exploring this place.
 F = Levels seen in this place.
 G = Mean time per level.
                   A        B        C        D        E       F      G
               +--------+--------+--------+--------+--------+-----+--------+
         Total |   1450 |   1450 |      0 |      0 |   1134 |   2 |  725.0 |
       Dungeon |   1450 |   1450 |      0 |      0 |   1134 |   2 |  725.0 |
               +--------+--------+--------+--------+--------+-----+--------+

Top non-repeatable levels by time:
     D:1: 1144 daAuts
     D:2: 306 daAuts
